 Dungeon Crawl Stone Soup version 0.23.2-1-ga50397a (webtiles) character file.

Game seed: 15398412890382513587

6612 grenoire the Spear-Bearer (level 11, -2/102 HPs)
             Began as a Gargoyle Berserker on May 10, 2019.
             Was a High Priest of Trog.
             Slain by a yak (7 damage)
             ... on level 11 of the Dungeon.
             The game lasted 00:25:14 (6880 turns).

grenoire the Spear-Bearer (Gargoyle Berserker)      Turns: 6880, Time: 00:25:17

Health: -2/102     AC: 20    Str: 29    XL:     11   Next: 2%
Magic:  11/11      EV: 12    Int:  7    God:    Trog [*****.]
Gold:   521        SH:  0    Dex: 10    Spells: 10/10 levels left

rFire    x . .     SeeInvis +   r - +4 scythe (freeze)
rCold    + . .     Gourm    .   (shield currently unavailable)
rNeg     + . .     Faith    +   s - +0 scale mail
rPois    ∞         Spirit   .   (no helmet)
rElec    +         Reflect  .   t - +2 cloak
rCorr    .         Harm     .   g - +0 pair of gloves
MR       .....                  (no boots)
Stlth    ..........             f - amulet of faith
HPRegen  0.27/turn              A - ring of see invisible
MPRegen  0.12/turn              j - ring of ice

@: berserking (expiring), very quick
A: negative energy resistance 1, electricity resistance, unbreathing,
petrification resistance, rot immunity, AC +8
a: Berserk, Trog's Hand, Brothers in Arms, Renounce Religion


You were on level 11 of the Dungeon.
You worshipped Trog.
Trog was extremely pleased with you.
You were not hungry.

You visited 1 branch of the dungeon, and saw 9 of its levels.
You also visited: Gauntlet.

You collected 521 gold pieces.

Inventory:

Hand Weapons
 d - a +0 short sword of draining
 h - a +2 mace of crushing
 k - a +2 flail of draining
 n - a +0 dire flail
 r - a +4 scythe of freezing (weapon)
Armour
 b - a +0 animal skin
 g - a +0 pair of gloves (worn)
 s - a +0 scale mail (worn)
 t - a +2 cloak (worn)
 v - a +3 ring mail
 C - a +0 troll leather armour
Jewellery
 e - an uncursed ring of resist corrosion
 f - an amulet of faith (around neck)
 j - a ring of ice (right hand)
 A - a ring of see invisible (left hand)
 B - an uncursed ring of ice
Wands
 q - a wand of iceblast (8)
 w - a wand of disintegration (41)
Scrolls
 m - 5 scrolls of identify
 o - 3 scrolls of remove curse
 y - a scroll of enchant weapon {unknown}
 D - a scroll of random uselessness {unknown}
 F - a scroll of magic mapping
 H - 2 scrolls of immolation {unknown}
Potions
 a - a potion of heal wounds
 i - 3 potions of curing
 l - a potion of brilliance
 p - a potion of mutation
 u - a potion of ambrosia
 x - 2 potions of lignification
 z - 2 potions of invisibility
 G - a potion of haste {unknown}
 I - a potion of agility {unknown}
Comestibles
 c - 8 rations


   Skills:
 + Level 7.8 Fighting
 + Level 3.6 Short Blades
 + Level 4.1 Maces & Flails
 + Level 9.7 Polearms
 + Level 7.3 Armour
 + Level 5.6 Dodging
 + Level 2.6 Stealth
 + Level 0.1 Evocations


You had 10 spell levels left.
You didn't know any spells.
Your spell library was empty.

Dungeon Overview and Level Annotations

Branches:
Dungeon (11/15)
 Temple: D:4-7         Lair: D:8-11         Orc: D:9-12

Altars:
Fedhas
Nemelex Xobeh
Qazlal
Sif Muna
Wu Jian
Xom
The Shining One


Innate Abilities, Weirdness & Mutations

You are resistant to torment.
Your stone body is resilient. (AC +8)
You are immune to poison.
You resist negative energy. (rN+)
You are resistant to electric shocks. (rElec)
You can survive without breathing.
You are immune to petrification.
You are immune to rotting.


Message History

You see here a killer bee corpse.
You slash the yak! You freeze the yak.
The yak is heavily wounded.
The killer bee stings you but does no damage. x2
The yak gores you.
* * * LOW HITPOINT WARNING * * *
The killer bee barely misses you.
The killer bee stings you but does no damage.
The yak gores you.
* * * LOW HITPOINT WARNING * * *
The yak misses you. The yak gores you!
* * * LOW HITPOINT WARNING * * *
You closely miss the killer bee. The killer bee stings you.
* * * LOW HITPOINT WARNING * * *
The killer bee stings you but does no damage.
The yak gores you but does no damage. The killer bee barely misses you.
The killer bee stings you.
* * * LOW HITPOINT WARNING * * *
The yak gores you but does no damage. x2; The yak gores you!
You die...

..#####.#..........'......#
...................#..#####
..........########.#..#
..######.........#.#..# .##
####........#.#<.###### .#
yyy##........#.#.......# .#
ywwy##........###.......######


.##ywwy #......Yy................ .##yyy #.......@Y............... .####
##......YyY............... ..######.....#################### .............#
#.......:....# ######.......# #...[...# ######### You could see 4 yaks and 2
killer bees.

Vanquished Creatures
  3 trolls
  Prince Ribbit (D:9)
  5 hippogriffs
  Sigmund (D:3)
  2 yaks
  2 wyverns
  3 hogs (D:10)
  A human (D:10)
  2 hungry ghosts
  Edmund (D:4)
  An orc warrior (D:8)
  2 water moccasins (D:9)
  2 sky beasts
  2 black bears
  An ice beast (D:8)
  4 phantoms
  4 ogres
  2 centaurs
  Blork the orc (D:4)
  4 bullfrogs
  2 scorpions
  A water moccasin skeleton (D:10)
  7 killer bees
  2 howler monkeys
  A jelly (D:10)
  3 crimson imps
  2 bullfrog zombies
  4 orc wizards
  2 orc priests
  A hound (D:9)
  2 iguanas
  4 worker ants
  A hound skeleton (D:5)
  A worker ant zombie (D:11)
  5 adders
  5 gnolls
  An ooze (D:2)
  2 worms (D:3)
  2 adder skeletons (D:4)
  A dart slug (D:1)
  5 leopard geckos
  16 orcs
  3 giant cockroaches
  6 goblins
  2 hobgoblins
  5 jackals
  3 kobolds (D:1)
  6 quokkas
  4 bats (D:2)
  6 frilled lizards
  A jackal skeleton (D:4)
  A quokka zombie (D:5)
  6 rats
157 creatures vanquished.

Notes
Turn   | Place    | Note
-------+----------+-------------------------------------------
     0 | D:1      | grenoire the Gargoyle Berserker began the quest for the
                  | Orb.
     0 | D:1      | Reached XP level 1. HP: 14/14 MP: 1/1
   177 | D:1      | Reached XP level 2. HP: 17/19 MP: 2/2
   671 | D:2      | Reached XP level 3. HP: 24/24 MP: 3/3
  1027 | D:2      | Found a glowing golden altar of the Shining One.
  1038 | D:2      | You fall through a shaft for 2 floors!
  1047 | D:4      | Noticed an ogre
  1051 | D:4      | Reached skill level 1 in Short Blades
  1051 | D:4      | Reached XP level 4. HP: 29/29 MP: 4/4
  1052 | D:4      | Noticed Edmund
  1055 | D:4      | Killed an ogre
  1055 | D:4      | Reached XP level 5. HP: 21/34 MP: 5/5
  1063 | D:4      | Killed Edmund
  1063 | D:4      | Reached skill level 1 in Stealth
  1063 | D:4      | Reached XP level 6. HP: 16/40 MP: 6/6
  1067 | D:4      | Reached ** piety under Trog
  1368 | D:4      | Noticed Blork the orc
  1383 | D:4      | Killed Blork the orc
  1448 | D:3      | Found a shimmering altar of Xom.
  1563 | D:4      | Reached skill level 5 in Fighting
  1783 | D:4      | Reached XP level 7. HP: 44/44 MP: 7/7
  1905 | D:3      | Noticed Sigmund
  1918 | D:3      | Killed Sigmund
  2096 | D:3      | Found a stormy altar of Qazlal.
  2164 | D:3      | Reached *** piety under Trog
  2896 | D:4      | Reached skill level 1 in Polearms
  3033 | D:5      | Entered Level 5 of the Dungeon
  3082 | D:5      | Reached skill level 2 in Polearms
  3082 | D:5      | Reached XP level 8. HP: 50/50 MP: 8/8
  3178 | D:5      | Reached skill level 3 in Polearms
  3227 | D:5      | You fall through a shaft for 3 floors!
  3414 | D:8      | Reached skill level 4 in Polearms
  3649 | D:8      | Found a deep blue altar of Sif Muna.
  3752 | D:8      | Noticed a hippogriff
  3773 | D:8      | Killed a hippogriff
  3773 | D:8      | Reached skill level 5 in Polearms
  3773 | D:8      | Reached XP level 9. HP: 55/55 MP: 9/9
  3855 | D:8      | Reached **** piety under Trog
  3930 | D:8      | Found a sparkling altar of Nemelex Xobeh.
  4108 | D:8      | Reached skill level 6 in Polearms
  4474 | D:9      | Found a blossoming altar of Fedhas.
  4854 | D:9      | Reached skill level 7 in Polearms
  4854 | D:9      | Reached skill level 5 in Armour
  4888 | D:9      | Found an ornate altar of the Wu Jian Council.
  4953 | D:9      | Noticed Prince Ribbit
  5037 | D:9      | Noticed a troll
  5047 | D:9      | Killed a troll
  5237 | D:9      | Killed Prince Ribbit
  5237 | D:9      | Reached XP level 10. HP: 53/63 MP: 10/10
  5373 | D:10     | Entered Level 10 of the Dungeon
  5434 | D:10     | Reached skill level 8 in Polearms
  5434 | D:10     | Reached skill level 5 in Dodging
  5911 | D:10     | Reached skill level 9 in Polearms
  6055 | D:10     | Reached ***** piety under Trog
  6362 | D:11     | Found a gate leading to a gauntlet.
  6591 | Gauntlet | Entered a Gauntlet
  6591 | Gauntlet | Found a transporter.
  6591 | Gauntlet | Found a transporter.
  6591 | Gauntlet | Found a transporter.
  6617 | Gauntlet | Found a transporter.
  6628 | Gauntlet | Noticed a wizard
  6629 | Gauntlet | Found a transporter.
  6632 | Gauntlet | Found a transporter.
  6638 | Gauntlet | Noticed a wizard
  6640 | Gauntlet | Found a transporter.
  6640 | Gauntlet | Noticed a wizard
  6657 | Gauntlet | Noticed a death yak
  6660 | Gauntlet | Found a transporter.
  6660 | Gauntlet | Noticed a death yak
  6660 | Gauntlet | Noticed a death yak
  6661 | Gauntlet | Noticed a death yak
  6662 | Gauntlet | Noticed a death yak
  6663 | Gauntlet | Noticed a necromancer
  6665 | Gauntlet | Noticed a death yak
  6678 | Gauntlet | Found a transporter.
  6679 | Gauntlet | Found a transporter.
  6680 | Gauntlet | Noticed a death ooze
  6687 | Gauntlet | Found a transporter.
  6690 | Gauntlet | Found a transporter.
  6690 | Gauntlet | Noticed a fire crab
  6876 | D:11     | Reached XP level 11. HP: 34/68 MP: 11/11
  6880 | D:11     | HP: 5/102 [killer bee (5)]
  6880 | D:11     | Slain by a yak

Skill      XL: |  1  2  3  4  5  6  7  8  9 10 |
---------------+-------------------------------+-----
Fighting       | 4 5 6 7 |  7.8
Short Blades   | 1 2 3 |  3.6
Dodging        | 2 3 4 5 |  5.6
Stealth        | 1 2 |  2.6
Maces & Flails | 4 |  4.1
Polearms       | 2 5 7 9 |  9.7
Armour         | 4 5 7 |  7.3
Evocations     | |  0.1

Action                   |  1- 3 |  4- 6 |  7- 9 | 10-12 || total
-------------------------+-------+-------+-------+-------++-------
Melee: Mace              |    11 |    20 |       |       ||    31
       Short sword       |    79 |    15 |       |       ||    94
       Flail             |       |    17 |    15 |       ||    32
       Scythe            |       |       |   297 |   166 ||   463
Invok: Berserk           |     1 |     1 |     6 |     5 ||    13
Evoke: Wand              |       |       |     1 |     1 ||     2
  Use: Scroll            |     6 |       |    13 |     1 ||    20
       Potion            |       |       |     1 |       ||     1
 Stab: Distracted        |       |     1 |       |       ||     1
  Eat: Ration            |       |     2 |     6 |     3 ||    11
       Chunk             |       |       |       |     1 ||     1
Armor: Animal skin       |    53 |    17 |     3 |       ||    73
       Scale mail        |       |       |   278 |   290 ||   568
Dodge: Dodged            |    88 |    38 |   355 |   348 ||   829
